 Dungeon Crawl Stone Soup version 0.28.0-47-ge53b351184 (webtiles) character file.

Game seed: 5483383519394911200

27932 pkoi the Martial Artist (level 12, -1/97 HPs)
             Began as a Demigod Venom Mage on May 8, 2022.
             Slain by a red devil (13 damage)
             ... in a Gauntlet.
             The game lasted 00:57:20 (31002 turns).

pkoi the Martial Artist (Demigod Venom Mage)       Turns: 31002, Time: 00:57:21

Health: -1/97      AC: 18    Str:  9    XL:     12   Next: 72%
Magic:  23/23      EV: 12    Int: 39    God:
Gold:   1121       SH:  5    Dex: 14    Spells: 7/21 levels left

rFire   . . .      SeeInvis .   k - +2 whip (freeze)
rCold   + . .      Faith    .   (no shield)
rNeg    . . .      Spirit   .   l - +5 ring mail of Autotheism {rElec rF- rC+}
rPois   .          Reflect  +   o - +1 helmet
rElec   +          Harm     .   d - +2 cloak
rCorr   .          Rampage  .   y - +0 pair of gloves
Will    +....      NoTele   +   (no boots)
Stlth   ++........              g - amulet of reflection
HPRegen 0.26/turn               j - +6 ring of intelligence
MPRegen 0.18/turn               r - ring of protection from fire

@: spiked
A: high MP 1, forlorn, divine attributes
a: no special abilities


You were in a Gauntlet.
You visited 2 branches of the dungeon, and saw 15 of its levels.
You also visited: Gauntlet.

You collected 1121 gold pieces.

Inventory:

Hand Weapons
 b - a +3 dagger of draining
 k - a +2 whip of freezing (weapon)
 q - a +2 trident of protection
 x - a +2 whip of electrocution
Missiles
 u - 7 throwing nets
 E - 2 curare-tipped darts
Armour
 a - a +0 robe
 d - a +2 cloak (worn)
 l - the +5 ring mail of Autotheism (worn) {rElec rF- rC+}
   (You found it on level 3 of the Dungeon)

   rF:        It makes you vulnerable to fire.
   rC:        It protects you from cold.
   rElec:     It insulates you from electricity.
 m - an orb of guile
 o - a +1 helmet (worn)
 y - a +0 pair of gloves (worn)
Jewellery
 g - an amulet of reflection (around neck)
 i - a ring of willpower
 j - a +6 ring of intelligence (left hand)
 r - a ring of protection from fire (right hand)
 s - a ring of ice
 A - an amulet of regeneration
 G - a ring of flight
 I - a +4 ring of protection
Wands
 t - a wand of polymorph (27)
 K - a wand of digging (5)
Scrolls
 e - a scroll of fog
 f - 3 scrolls of magic mapping
 p - 2 scrolls of fear
 B - a scroll of acquirement
 C - a scroll of teleportation
 D - 4 scrolls of identify
 L - a scroll of blinking
 M - a scroll of amnesia
Potions
 c - 2 potions of ambrosia
 h - a potion of cancellation
 n - a potion of invisibility
 v - 4 potions of curing
 w - a potion of brilliance
 H - 2 potions of lignification
 J - a potion of haste {unknown}
Miscellaneous
 F - a phantom mirror


   Skills:
 + Level 6.9 Fighting
 + Level 2.0 Short Blades
 - Level 6.0 Armour
 - Level 5.0 Dodging
 + Level 3.1 Stealth
 * Level 9.4 Unarmed Combat
 - Level 5.0 Spellcasting
 - Level 2.0 Conjurations
 + Level 2.0 Hexes
 - Level 2.0 Translocations
 + Level 7.4 Transmutations
 + Level 1.9 Ice Magic
 + Level 7.4 Air Magic
 - Level 7.0 Poison Magic
 - Level 4.3 Evocations


You had 7 spell levels left.
You knew the following spells:

 Your Spells              Type           Power      Damage    Failure   Level
a - Sting                 Tmut/Pois      100%       1d8       1%          1
b - Poisonous Vapours     Pois/Air       100%       N/A       1%          2
c - Blink                 Tloc           50%        N/A       4%          2
d - Mephitic Cloud        Conj/Pois/Air  51%        N/A       2%          3
e - Olgreb's Toxic Radia  Pois           59%        N/A       4%          4
f - Ensorcelled Hibernat  Hex/Ice        50%        N/A       4%          2

Your spell library contained the following spells:

 Spells                   Type           Power      Damage    Failure   Level
 Swiftness                Air            61%        N/A       1%          3
 Passwall                 Tmut/Erth      31%        N/A       2%          2
 Portal Projectile        Hex/Tloc       50%        N/A       10%         3
 Ozocubu's Armour         Ice            25%        N/A       11%         3
 Call Canine Familiar     Summ           9%         N/A       22%         3
 Leda's Liquefaction      Hex/Erth       8%         N/A       45%         4
 Manifold Assault         Tloc           25%        N/A       67%         5
 Storm Form               Tmut/Air       30%        N/A       97%         7
 Ozocubu's Refrigeration  Ice            12%        4d7       100%        7


Dungeon Overview and Level Annotations

Branches:
Dungeon (10/15)            Temple (0/1) D:6            Lair (5/6) D:10
 Shoals (0/4) Lair:3       Spider (0/4) Lair:4          Orc (0/2) D:10
Gauntlet (1/1)
  Slime: Lair:5-6

Shops:
D:10 (

Portals:
Trove: D:10 (give 6 scrolls of fear)

Annotations:
Lair:3 1 runed translucent door, KittyFluff's ghost, journeyman GrBe
Lair:4 3 runed translucent doors, sederynick's ghost, journeyman MiFi Gauntlet 12 transporters, exclusion: orange crystal statue


Innate Abilities, Weirdness & Mutations

You have an increased reservoir of magic. (+10% MP)
You shall have no god before yourself.
Your divine heritage dramatically boosts your attributes as you level up.


Message History

* * * LOW HITPOINT WARNING * * *
You feel much better.
You are engulfed in a cloud of scalding steam.
* * * LOW HITPOINT WARNING * * *
You are covered in liquid flames!
* * * LOW HITPOINT WARNING * * *
You are no longer on fire.
The smoke demon hits you but does no damage.
The smoke demon hits you.
* * * LOW HITPOINT WARNING * * *
The smoke demon barely misses you.
Aiming: Polymorph
Press: ? - help, Shift-Dir - straight line, f - smoke demon, p - red devil
Aim: a smoke demon (lightly wounded, will become a red devil, a white imp, or a hellwing, chance to affect: 26%)
The smoke demon easily resists.
The smoke demon hits you.
* * * LOW HITPOINT WARNING * * *
The smoke demon barely misses you.
The smoke demon hits you but does no damage.
Aiming: Polymorph
Press: ? - help, Shift-Dir - straight line, f/p - smoke demon
Aim: a smoke demon (lightly wounded, will become a red devil, a white imp, or a hellwing, chance to affect: 26%)
The smoke demon evaporates and reforms as a red devil!
Unknown command.
You hit the red devil but do no damage. The red devil hits you.
* * * LOW HITPOINT WARNING * * *
Barbed spikes become lodged in your body.
The crimson imp laughs crazily.
Unknown command.
You hit the red devil but do no damage. The red devil barely misses you.
The red devil hits you.
* * * LOW HITPOINT WARNING * * *
Barbed spikes become lodged in your body.
Unknown command.
You hit the red devil but do no damage. The red devil barely misses you.
Unknown command.
You hit the red devil. You freeze the red devil.
The red devil is moderately wounded.
The crimson imp grinds its teeth.
The red devil hits you!
You die...

##§.#.#.#.#.#..#..##≈##..#..#.
#≈..#..B#^.Z#..#.....§...#..#.
###..#########..#.........#..##
#≈...........#..###########..#.
##...#########..#.......ZZ#..##
#§.∩.#.......#..#.##...##.#..#.
##...#..####.#..#.#.#.#.#|#..##
#≈...#.#....5#..#..##.##..#..#.
##.8©#.#.©####@©#Z.#Z©. .©#©©##
#≈...#.#.#.54#4.#..##.##..#..#.
##...#.#.#!5##..#.#.#.#.#(#..#.
#≈.∩.#...#.#©#..#.##...##.#..##
##...#########..#.........#..##
#≈...........#..###########..#.
###..#########..#.........#..##
#§..###.....#..#.....§...#..#t
##§.####.##.#..#..##§##..#..#.


You could see a spectral six-headed hydra, a death scarab, 2 red devils, 3
crimson imps, a wolf spider simulacrum and a centaur warrior simulacrum.

Vanquished Creatures
  2 hydras (Lair:3)
  2 boulder beetles (D:9)
  3 two-headed ogres
  5 death yaks (Lair:3)
  Sonja (Lair:1)
  Pikel (D:5)
  An ugly thing (D:8)
  A manticore (Lair:2)
  A black mamba (Lair:3)
  7 cane toads
  A rime drake (Lair:3)
  8 komodo dragons
  A kobold demonologist (D:9)
  A wind drake (Lair:2)
  2 trolls
  2 polar bears
  2 hornets
  14 blink frogs
  A meliai zombie (D:10)
  2 wyverns
  24 yaks
  Grum (D:9)
  4 vampire mosquitoes
  3 wargs
  An acid dragon (D:10)
  5 water moccasins
  An orc warrior (D:10)
  3 ice beasts
  2 sky beasts
  3 black bears
  3 ogres (D:5)
  10 wolves
  5 centaurs
  2 phantoms (D:4)
  A lemure (D:5)
  A kobold brigand (D:8)
  12 bullfrogs
  2 gnoll sergeants (D:9)
  A scorpion (D:5)
  A wyvern skeleton (D:6)
  4 killer bees
  2 howler monkeys
  5 centaur zombies
  A bullfrog zombie (D:7)
  3 hounds
  A gnoll shaman (D:5)
  6 orc priests
  2 bullfrog skeletons (D:3)
  5 iguanas
  7 orc wizards
  A hound skeleton (D:5)
  3 howler monkey zombies
  7 gnolls (D:7)
  5 adders
  An ufetubus (D:5)
  7 dart slugs
  25 orcs
  6 ball pythons
  6 endoplasms
  4 giant cockroaches
  3 goblins
  6 hobgoblins
  2 jackals (D:4)
  15 kobolds
  4 quokkas
  5 bats
  3 frilled lizards
  3 rats
  A butterfly (Lair:3)
286 creatures vanquished.

Vanquished Creatures (collateral kills)
  A hobgoblin (D:4)
1 creature vanquished.

Vanquished Creatures (others)
  31 fungi
  27 plants
  A withered plant (Gauntlet)
59 creatures vanquished.

Grand Total: 346 creatures vanquished

Notes
Turn   | Place    | Note
-------+----------+-------------------------------------------
     0 | D:1      | pkoi the Demigod Venom Mage began the quest for the Orb.
     0 | D:1      | Reached XP level 1. HP: 14/14 MP: 5/5
    37 | D:1      | Reached skill level 1 in Transmutations
   639 | D:1      | Reached XP level 2. HP: 20/20 MP: 5/7
  1947 | D:2      | Learned a level 2 spell: Poisonous Vapours
  1979 | D:2      | Reached XP level 3. HP: 26/26 MP: 1/8
  2861 | D:3      | Reached XP level 4. HP: 24/34 MP: 5/9
  3100 | D:3      | Identified the +5 ring mail of Autotheism {rElec rF- rC+}
  3518 | D:2      | Reached skill level 1 in Fighting
  3518 | D:2      | Reached skill level 1 in Armour
  3518 | D:2      | Reached skill level 1 in Air Magic
  4291 | D:3      | Reached XP level 5. HP: 30/40 MP: 4/11
  4628 | D:4      | Identified a scroll of acquirement
  4628 | D:4      | Acquired an Inescapable Atlas
  4749 | D:4      | Learned a level 2 spell: Blink
  4753 | D:4      | Learned a level 3 spell: Mephitic Cloud
  5294 | D:5      | Entered Level 5 of the Dungeon
  5737 | D:5      | Found the +3 pair of seven-league boots {Rampage+∞}
  5825 | D:5      | Noticed an ogre
  5825 | D:5      | Noticed an ogre
  5826 | D:5      | Noticed a wyvern
  6150 | D:4      | Reached XP level 6. HP: 8/47 MP: 12/12
  6618 | D:5      | Killed a wyvern
  6619 | D:5      | Reached skill level 1 in Unarmed Combat
  6619 | D:5      | Reached skill level 1 in Conjurations
  6619 | D:5      | Reached skill level 1 in Translocations
  6853 | D:5      | Reached XP level 7. HP: 55/55 MP: 5/14
  6940 | D:5      | Noticed Pikel
  6990 | D:5      | Killed Pikel
  7384 | D:5      | Reached skill level 2 in Unarmed Combat
  7384 | D:5      | Reached XP level 8. HP: 62/62 MP: 9/15
  8442 | D:6      | Learned a level 4 spell: Olgreb's Toxic Radiance
  8901 | D:6      | Reached skill level 5 in Poison Magic
  9153 | D:6      | Reached skill level 3 in Unarmed Combat
  9705 | D:6      | Found a staircase to the Ecumenical Temple.
 10562 | D:7      | Reached XP level 9. HP: 48/71 MP: 8/17
 12478 | D:8      | Noticed a two-headed ogre
 12510 | D:8      | Killed a two-headed ogre
 12511 | D:8      | Reached skill level 5 in Dodging
 12511 | D:8      | Reached skill level 4 in Unarmed Combat
 12779 | D:8      | Reached skill level 5 in Fighting
 13234 | D:9      | Noticed Grum
 13350 | D:9      | Killed Grum
 13949 | D:9      | Noticed a two-headed ogre
 13980 | D:9      | Killed a two-headed ogre
 13981 | D:9      | Reached XP level 10. HP: 81/81 MP: 13/19
 14791 | D:9      | Reached skill level 5 in Armour
 15156 | D:10     | Entered Level 10 of the Dungeon
 15156 | D:10     | Found a staircase to the Orcish Mines.
 16133 | D:9      | Noticed a two-headed ogre
 16134 | D:9      | Noticed a boulder beetle
 16160 | D:9      | Killed a boulder beetle
 16161 | D:9      | Reached skill level 5 in Unarmed Combat
 16168 | D:9      | Killed a two-headed ogre
 16813 | D:9      | Noticed a brown ugly thing
 16813 | D:9      | Noticed a green ugly thing
 16813 | D:9      | Noticed a boulder beetle
 16884 | D:8      | Killed a purple ugly thing
 17242 | D:10     | Found a portal to a secret trove of treasure.
 17696 | D:10     | Reached skill level 5 in Transmutations
 17996 | D:10     | Reached skill level 5 in Air Magic
 18256 | D:9      | Killed a boulder beetle
 18634 | D:10     | Reached XP level 11. HP: 91/91 MP: 15/20
 18763 | D:10     | Found Joxzyan's Antique Weapon Shop.
 19586 | D:10     | Found a staircase to the Lair.
 19594 | D:10     | Reached skill level 6 in Unarmed Combat
 19923 | Lair:1   | Entered Level 1 of the Lair of Beasts
 20027 | Lair:1   | Reached skill level 1 in Evocations
 21116 | Lair:1   | Noticed Sonja
 21125 | Lair:1   | Killed Sonja
 21502 | Lair:1   | Noticed Harold
 21518 | Lair:1   | Reached skill level 7 in Unarmed Combat
 21525 | Lair:1   | Noticed Harold
 21525 | Lair:1   | Harold changed into Harold the bat
 21530 | Lair:1   | Killed Harold the bat
 24090 | Lair:2   | Reached skill level 8 in Unarmed Combat
 25294 | Lair:3   | Noticed KittyFluff's ghost (journeyman GrBe)
 25294 | Lair:3   | Found a runed translucent door.
 25294 | Lair:3   | Found a staircase to the Shoals.
 25713 | Lair:3   | Reached XP level 12. HP: 79/97 MP: 15/22
 26608 | Lair:3   | Noticed a seven-headed hydra
 27411 | Lair:2   | Learned a level 2 spell: Ensorcelled Hibernation
 27734 | Lair:3   | Killed a seven-headed hydra
 28224 | Lair:3   | Reached skill level 5 in Spellcasting
 28481 | Lair:3   | Reached skill level 9 in Unarmed Combat
 28484 | Lair:3   | Reached skill level 1 in Short Blades
 28484 | Lair:3   | Reached skill level 1 in Hexes
 28484 | Lair:3   | Reached skill level 1 in Ice Magic
 28624 | Lair:3   | Noticed a four-headed hydra
 28648 | Lair:3   | Killed a four-headed hydra
 29700 | Lair:4   | Found a hole to the Spider Nest.
 30512 | Lair:4   | Found a runed translucent gate.
 30512 | Lair:4   | Found a runed translucent gate.
 30513 | Lair:4   | Found a runed translucent gate.
 30530 | Lair:4   | Noticed sederynick's ghost (journeyman MiFi)
 30722 | Lair:5   | Found a gate leading to a gauntlet.
 30742 | Gauntlet | Entered a Gauntlet
 30742 | Gauntlet | Found a transporter.
 30742 | Gauntlet | Found a transporter.
 30822 | Gauntlet | Found a transporter.
 30839 | Gauntlet | Found a transporter.
 30839 | Gauntlet | Found a transporter.
 30841 | Gauntlet | Found a transporter.
 30841 | Gauntlet | Found a transporter.
 30853 | Gauntlet | Found a transporter.
 30869 | Gauntlet | Found a transporter.
 30879 | Gauntlet | Found a transporter.
 30893 | Gauntlet | Found a transporter.
 30913 | Gauntlet | Found a transporter.
 30913 | Gauntlet | Found a transporter.
 30925 | Gauntlet | Found a transporter.
 31002 | Gauntlet | Slain by a red devil

Illustrated notes

Levels and vault maps discovered:
D:1:      lemuel_arrival_tunnels, layout_loops_cross,
          nicolae_concentric_dashed_squares_wild
D:2:      layout_basic, ebering_ecumenical_altar_sacrificial
D:3:      layout_basic, fedhas_altar_4, lemuel_round_altar
D:4:      layout_rooms
D:5:      cheibrodos_barr_body, layout_loops_ring, nicolae_ru_path_of_blood,
          ashenzari_altar_1, uniq_pikel
D:6:      layout_loops_ring, okawaru_gym_becter, temple_fountains,
          kennysheep_small_square
D:7:      layout_gridville, chequers_jeans, hangedman_decor_points,
          grunt_decor_cap, minmay_curled_crystal
D:8:      layout_loops_corners, grunt_temple_overflow_open
D:9:      layout_grid_maze, tgw_xom, minmay_fractal_squares_gapless_7, uniq_grum
D:10:     layout_cave_pools, nicolae_wu_jian_glorious_leap,
          grunt_lair_entry_orc_guard_hut, minmay_orc_entry_guard_dogs,
          serial_shops, shop, nicolae_trove_entry_free_sample,
          small_statue_alley_a, lemuel_flame_loot_1
Lair:1:   layout_cave_pods, uniq_sonja, uniq_harold
Lair:2:   layout_cave_pods, chequers_serial_rivers_large_b
Lair:3:   layout_loops_ring, minmay_shoals_entry_beasts,
          hellmonk_ghost_happy_afterlife, lemuel_fruit_tree,
          lemuel_fruit_fields, grunt_megastairs_3
Lair:4:   layout_roguey, spider_nest_entry_web_field, gammafunk_ghost_necromancy
Lair:5:   layout_loops_ring, gauntlet_entry_generic
Gauntlet: gammafunk_gauntlet_mixed_choke_point
          [minmay_gauntlet_arena_77_two_paths,
          minmay_gauntlet_arena_77_radiant_squares,
          minmay_gauntlet_arena_77_p_blocks, gammafunk_gauntlet_arena_corners,
          minmay_gauntlet_arena_77_terracotta_army,
          minmay_gauntlet_arena_77_mess, minmay_gauntlet_arena_77_hold_the_fort,
          gauntlet_exit_hidden_loot]

Skill      XL: |  1  2  3  4  5  6  7  8  9 10 11 12 |
---------------+-------------------------------------+-----
Transmutations | 1 2 3 5 6 7 |  7.4
Poison Magic   | 3 4 5 6 7 |  7.0
Dodging        | 2 3 4 5 |  5.0
Spellcasting   | 2 3 4 5 |  5.0
Fighting       | 1 2 4 5 6 |  6.9
Armour         | 1 2 3 4 5 6 |  6.0
Air Magic      | 1 2 3 5 6 7 |  7.4
Unarmed Combat | 1 2 3 4 5 8 9 |  9.4
Conjurations   | 1 2 |  2.0
Translocations | 1 2 |  2.0
Evocations     | 3 4 |  4.3
Stealth        | 3 |  3.1
Short Blades   | 2 |  2.0
Hexes          | 2 |  2.0
Ice Magic      | 1 |  1.9

Action                   |  1- 3 |  4- 6 |  7- 9 | 10-12 || total
-------------------------+-------+-------+-------+-------++-------
Melee: Dagger            |    15 |    72 |   169 |   310 ||   566
       Punch             |     2 |     2 |     6 |    20 ||    30
       Unarmed           |       |       |       |    31 ||    31
       Whip              |       |       |       |   120 ||   120
 Cast: Sting             |    74 |    85 |   133 |   261 ||   553
       Poisonous Vapours |     4 |    13 |    62 |    78 ||   157
       Olgreb's Toxic Ra |       |       |     7 |    37 ||    44
       Mephitic Cloud    |       |       |     2 |       ||     2
       Blink             |       |       |       |     3 ||     3
       Ensorcelled Hiber |       |       |       |     1 ||     1
Evoke: Wand              |       |       |       |    24 ||    24
  Use: Scroll            |       |    10 |     6 |     5 ||    21
       Potion            |       |     2 |     3 |     2 ||     7
 Stab: Confused          |       |       |     1 |       ||     1
       Sleeping          |       |       |       |     2 ||     2
Armor: Robe              |    14 |    34 |    75 |       ||   123
       Ring mail         |       |       |    27 |   469 ||   496
Dodge: Dodged            |    37 |    66 |   138 |   521 ||   762
Block: Other             |       |    11 |    60 |   211 ||   282
       Reflection        |       |       |     1 |     4 ||     5
